AoeStats
← breaky1986

Arabia

508719598Analyzed
2v2 RM · 9d ago on Sep 23, 2026· 51m 32s· 4 players
Game mode
Random Map
Map size
Medium (4 player)
Population
200
Speed
Normal
Resources
Standard
Victory
Conquest
Starting age
Dark Age
Ending age
Imperial Age
RankedLock teamsTeams togetherTeam positionsShared explorationLock speedFull tech treeHidden civsTurbo modeCheats
Victory
Defeat
🇩🇪 Malians · Germany
1258
+14
🇩🇪 Franks · Germany
1254
+14
🇩🇪 Goths · Germany
1214
-14
🇩🇪 Gurjaras · Germany
1210
-14
ThomasTheTrain
7:51 Loom
9:56 Feudal Age
15:18 Double-Bit Axe
18:45 Castle Age
19:57 Scale Mail Armor
20:17 Forging
20:46 Bow Saw
20:53 Horse Collar
23:44 Heavy Plow
25:17 Chain Mail Armor
29:12 Pikeman
32:17 Iron Casting
40:37 Imperial Age
38:42 Anarchy
44:05 Halberdier
45:56 Perfusion
50:59 Chemistry
Ochsenreiter
9:44 Feudal Age
8:48 Loom
10:21 Double-Bit Axe
13:46 Wheelbarrow
13:29 Horse Collar
19:27 Gold Mining
19:29 Stone Mining
23:40 Bloodlines
28:21 Castle Age
27:05 Forging
27:00 Scale Barding Armor
29:06 Husbandry
35:22 Heavy Plow
41:38 Iron Casting
41:23 Chain Barding Armor
42:18 Gold Shaft Mining
41:55 Bow Saw
Channelle
7:18 Loom
9:45 Feudal Age
11:48 Double-Bit Axe
16:20 Wheelbarrow
20:52 Castle Age
20:05 Scale Barding Armor
20:12 Forging
21:05 Light Cavalry
22:23 Iron Casting
21:52 Gold Mining
23:04 Chain Barding Armor
23:38 Hand Cart
24:37 Gold Shaft Mining
40:55 Imperial Age
39:45 Bow Saw
41:23 Scale Mail Armor
41:14 Fletching
41:11 Cavalier
42:32 Plate Barding Armor
43:24 Conscription
42:44 Elite Throwing Axeman
44:41 Blast Furnace
44:16 Chain Mail Armor
45:10 Husbandry
45:38 Stone Mining
46:37 Paladin
breaky1986
7:16 Loom
10:59 Feudal Age
11:31 Gold Mining
15:00 Fletching
24:07 Castle Age
24:07 Padded Archer Armor
24:22 Crossbowman
27:27 Gold Shaft Mining
27:36 Horse Collar
28:39 Bodkin Arrow
34:52 Forging
34:05 Pikeman
34:45 Squires
36:00 Leather Archer Armor
36:21 Iron Casting
35:51 Heavy Plow
35:48 Double-Bit Axe
42:34 Stone Mining
42:56 Scale Mail Armor
45:44 Imperial Age
43:50 Wheelbarrow
43:01 Town Watch
43:38 Bow Saw
43:41 Thumb Ring
45:50 Stone Shaft Mining
48:10 Ring Archer Armor
Connection lost

Rejoining the realm…

Still unreachable

The connection could not be restored.

Session expired

The server has moved on; the page needs a fresh start.